 Dungeon Crawl Stone Soup version 0.23-a0-305-g7ffd15e (webtiles) character file.

147 Ijustatesigmund the Conjurer (level 5, -3/31 HPs)
             Began as an Octopode Wizard on Oct 9, 2018.
             Slain by a goblin
             ... wielding a cursed +0 dagger
              (4 damage)
             ... on level 3 of the Dungeon.
             The game lasted 00:06:48 (2780 turns).

Ijustatesigmund the Conjurer (Octopode Wizard)      Turns: 2780, Time: 00:06:49

Health: -3/31      AC:  2    Str:  6    XL:     5   Next: 29%
Magic:  9/9        EV: 13    Int: 20    God:
Gold:   39         SH:  0    Dex: 12    Spells: 4/10 levels left

rFire    . . .     SeeInvis .   j - +1 dagger (holy)
rCold    . . .     Gourm    .   (no shield)
rNeg     . . .     Faith    .   a - +1 hat
rPois    .         Spirit   .   d - amulet of inaccuracy (curse)
rElec    .         Reflect  .   g - ring of flight
rCorr    .         Harm     .   (no ring)
MR       .....                  (no ring)
Stlth    +++.......             (no ring)
HPRegen  0.10/turn              (no ring)
MPRegen  0.11/turn              (no ring)
                                (no ring)
                                (no ring)

@: no status effects
A: almost no armour, stealthy swim, amphibious, 8 rings, constrict 8, camouflage
1, gelatinous body 1
a: Evoke Flight


You were on level 3 of the Dungeon.
You were not hungry.

You visited 1 branch of the dungeon, and saw 3 of its levels.

You collected 39 gold pieces.

Inventory:

Hand Weapons
 b - a +0 short sword
 j - a +1 dagger of holy wrath (weapon)
Armour
 a - a +1 hat (worn)
Jewellery
 d - a cursed amulet of inaccuracy (around mantle)
 g - a ring of flight (left tentacle)
Potions
 h - a potion of magic
Comestibles
 c - 4 rations


   Skills:
 - Level 2.0 Dodging
 - Level 2.6 Stealth
 - Level 3.0 Spellcasting
 + Level 3.5 Conjurations
   Level 1.0 Summonings
 + Level 2.1 Translocations
 + Level 1.7 Air Magic
 + Level 2.0 Poison Magic


You had 4 spell levels left.
You knew the following spells:

 Your Spells              Type           Power        Failure   Level  Hunger
a - Magic Dart            Conj           ###.         3%          1    None
b - Blink                 Tloc           N/A          9%          2    ##.....
c - Mephitic Cloud        Conj/Pois/Air  ##......     16%         3    ###....

Your spell library contained the following spells:

 Spells                   Type           Power        Failure   Level  Hunger
 Call Imp                 Summ           #.......     14%         2    ##.....
 Conjure Flame            Conj/Fire      ##......     21%         3    ###....
 Slow                     Hex            #.......     22%         2    ##.....


Dungeon Overview and Level Annotations

Branches:
Dungeon (3/15)

Altars:


Innate Abilities, Weirdness & Mutations

You cannot wear most types of armour.
You are very stealthy in the water. (Stealth+)
You are amphibious.
You can wear up to eight rings at the same time.
You can use your tentacles to constrict eight enemies at once.
Your skin changes colour to match your surroundings (Stealth+).
Your rubbery body absorbs attacks. (AC +1, EV +1)


Message History

There is a stone staircase leading up here.
You barely miss the orc wizard. You grab the orc wizard.
You constrict the orc wizard, but do no damage.
The goblin hits you but does no damage.
The orc wizard hits you but does no damage.
You barely miss the orc wizard. You squeeze the orc wizard.
The orc wizard is moderately wounded.
You constrict the orc wizard. The goblin closely misses you.
The orc wizard misses you.
You hit the orc wizard but do no damage.
The orc wizard is moderately wounded.
You constrict the orc wizard, but do no damage.
The goblin hits you but does no damage.
The orc wizard gestures at you while chanting.
The puff of flame hits you!
* * * LOW HITPOINT WARNING * * *
You barely miss the orc wizard.
The orc wizard is moderately wounded.
You constrict the orc wizard. The goblin hits you with a dagger.
You die...

###### ....# )..#
#..# # #..#
#.#g.#######.#
#..@..÷......#
#....#o†#########
#### #..# #...
#..#. #....# #.(.
# .....


You could see an orc wizard and a goblin.

Vanquished Creatures
  An orc wizard (D:2)
  Jessica (D:2)
  Robin (D:1)
  An adder (D:2)
  A worm (D:3)
  A dart slug (D:1)
  A leopard gecko (D:3)
  An orc (D:2)
  10 bats
  3 giant cockroaches
  16 goblins
  10 hobgoblins
  3 kobolds
  A quokka (D:2)
  3 frilled lizards (D:1)
  9 rats
63 creatures vanquished.

Notes
Turn   | Place    | Note
-------+----------+-------------------------------------------
     0 | D:1      | Ijustatesigmund the Octopode Wizard began the quest for the
                  | Orb.
     0 | D:1      | Reached XP level 1. HP: 11/11 MP: 4/4
   169 | D:1      | Reached XP level 2. HP: 15/17 MP: 3/6
   744 | D:1      | Reached XP level 3. HP: 21/21 MP: 4/7
   748 | D:1      | Learned a level 2 spell: Blink
   752 | D:1      | Learned a level 3 spell: Mephitic Cloud
  1270 | D:2      | Noticed Robin
  1387 | D:1      | Killed Robin
  1533 | D:1      | Reached skill level 1 in Poison Magic
  1661 | D:1      | Reached XP level 4. HP: 21/27 MP: 8/8
  1983 | D:2      | Reached skill level 1 in Air Magic
  1987 | D:2      | Noticed Jessica
  2014 | D:2      | Killed Jessica
  2363 | D:2      | Reached XP level 5. HP: 22/31 MP: 0/9
  2779 | D:3      | HP: 1/31 [orc wizard/puff of flame (11)]
  2780 | D:3      | Slain by a goblin

Vault maps used:
D:1:      dpeg_arrival_lava_altar, fountainhead, minivault_23
D:2:      cheibrodos_greedy_goblins, uniq_jessica, uniq_robin, uniq_sigmund
D:3:      tso_oasis_becter, serial_park_tiny_1, uniq_grinder

Skill      XL: |  1  2  3  4 |
---------------+-------------+-----
Conjurations   | 2 3 |  3.5
Poison Magic   | 1 2 |  2.0
Air Magic      | 1 |  1.7
Translocations | 2 |  2.1
Dodging        | |  2.0
Stealth        | |  2.6
Spellcasting   | |  3.0
Summonings     | |  1.0

Action                   |  1- 3 |  4- 6 || total
-------------------------+-------+-------++-------
Melee: Unarmed           |    11 |       ||    11
       Constrict         |     8 |     7 ||    15
       Tentacles         |     7 |     5 ||    12
       Short sword       |    18 |       ||    18
       Dagger            |    13 |    35 ||    48
 Cast: Magic Dart        |    52 |    36 ||    88
       Mephitic Cloud    |     1 |       ||     1
       Blink             |       |     1 ||     1
  Use: Scroll            |     4 |     1 ||     5
       Potion            |       |     4 ||     4
  Eat: Ration            |     1 |       ||     1
       Chunk             |       |     2 ||     2
Armor: Skin              |     4 |     8 ||    12
Dodge: Dodged            |    52 |    36 ||    88

Table legend:
 A = Non-vault XP
 B = Vault XP
 C = Vault XP percentage of total XP
 D = Non-vault monster count
 E = Vault monster count
 F = Vault count percentage of total count
                 A         B        C        D         E       F
            +---------+---------+-------+---------+---------+-------
      Total |     136 |      74 |  35.2 |      49 |      14 |  22.2
            +---------+---------+-------+---------+---------+-------
        D:1 |      52 |      25 |  32.5 |      32 |       6 |  15.8
        D:2 |      76 |      49 |  39.2 |      15 |       8 |  34.8
        D:3 |       8 |       0 |   0.0 |       2 |       0 |   0.0
            +---------+---------+-------+---------+---------+-------
